 Dungeon Crawl Stone Soup version 0.16-a0-1009-g0339a9e (webtiles) character file.

3313 patnam the Spear-Bearer (level 10, -5/80 HPs)
             Began as a Naga Gladiator on Oct 3, 2014.
             Was an Elder of Okawaru.
             Slain by a spiny frog (13 damage)
             ... on Level 1 of the Lair of Beasts.
             The game lasted 00:25:05 (6116 turns).

patnam the Spear-Bearer (Naga Gladiator)            Turns: 6116, Time: 00:25:05

HP  -5/80        AC 16     Str 18      XL: 10   Next:  1%
MP  10/10        EV 15     Int  7      God: Okawaru [****..]
Gold 481         SH  0     Dex 18      Spells:  0 memorised,  9 levels left

rFire  + . .     SeeInvis +     r - +2 scythe (protect)
rCold  . . .     Clarity  .     o - +3 leather armour {rF+}
rNeg   + . .     rCorr    .     (no shield)
rPois  +         rRot     .     c - +1 helmet
rElec  .         Spirit   .     (no cloak)
SustAb .         Warding  .     H - +1 pair of gloves of Pseaxzol {Dex+4 Int-2 SInv}
rMut   .         Stasis   .     (no barding)
Gourm  .                        (no amulet)
MR     +....                    z - ring of positive energy
                                B - ring of wizardry

@: very slightly contaminated, very slow, somewhat resistant to hostile
enchantments, unstealthy
A: spit poison, see invisible, deformed body, poison resistance, slowness 2, AC
+3
a: Spit Poison, Heroism, Renounce Religion


You were on level 1 of the Lair of Beasts.
You worshipped Okawaru.
Okawaru was greatly pleased with you.
You were not hungry.

You visited 2 branches of the dungeon, and saw 9 of its levels.

You collected 481 gold pieces.

Inventory:

Hand weapons
 a - a +0 trident
 b - a +0 blowgun
 r - a +2 scythe of protection (weapon)
Missiles
 d - 3 throwing nets
 g - 6 needles of sleeping
 l - 7 tomahawks (quivered)
 v - 13 poisoned needles
Armour
 c - a +1 helmet (worn)
 o - a +3 leather armour of fire resistance (worn)
 u - a +0 plate armour
 H - the +1 pair of gloves of Pseaxzol (worn) {Dex+4 Int-2 SInv}
   (You found it on level 7 of the Dungeon)

   It affects your intelligence (-2).
   It affects your dexterity (+4).
   It enhances your eyesight.
 K - a +2 shield of protection
Magical devices
 e - a wand of cold (3)
 h - a wand of fire (0)
 A - a wand of paralysis (16)
 D - a wand of slowing (3)
 F - a wand of flame (6)
 J - a wand of draining (3) {unknown}
 L - a wand of frost (15) {unknown}
Comestibles
 f - 7 bread rations
 E - 2 royal jellies
Scrolls
 j - a scroll of recharging {unknown}
 k - a scroll of magic mapping
 n - 2 scrolls of remove curse
 p - a scroll of enchant armour
 q - 2 scrolls of teleportation
 t - 2 scrolls of immolation {unknown}
 y - a scroll of noise {unknown}
 C - a scroll of vulnerability {unknown}
Jewellery
 z - a ring of positive energy (right hand)
 B - a ring of wizardry (left hand)
Potions
 i - 2 potions of haste
 m - 3 potions of restore abilities
 s - 4 potions of curing
 w - 2 potions of resistance
 G - 2 potions of cancellation
 I - a potion of might


   Skills:
 - Level 2.0 Fighting
 * Level 10.8 Polearms
 - Level 1.7 Throwing
 * Level 8.0 Dodging


You had 9 spell levels left.
You didn't know any spells.

Dungeon Overview and Level Annotations

Branches:
Dungeon (8/15)               Lair (1/8) D:8
 Temple: D:4-7

Altars:
Ashenzari
Okawaru
Zin


Innate Abilities, Weirdness & Mutations

You cannot wear boots.
You can spit poison.
Your serpentine skin is tough (AC +3).
You have supernaturally acute eyesight.
Armour fits poorly on your strangely shaped body.
Your system is resistant to poisons.
You cover ground very slowly.


Message History

The spiny frog stings you!
* * * LOW HITPOINT WARNING * * *
The spiny frog stings you but does no damage.
Evoke which item? (* to show all) (? for menu, Esc to quit)
Zapping:
e - a wand of cold {zapped: 3}
Press: ? - help, Shift-Dir - straight line, f/p - spiny frog
Aim: a spiny frog (moderately wounded)
The bolt of cold hits the spiny frog.
The spiny frog is heavily wounded.
The spiny frog stings you but does no damage.
Evoke which item? (* to show all) (? for menu, Esc to quit)
Zapping:
h - a wand of fire (1)
Press: ? - help, Shift-Dir - straight line, f/p - spiny frog
Aim: a spiny frog (heavily wounded)
The bolt of fire hits the spiny frog.
The spiny frog is severely wounded.
This wand has 0 charges left.
The spiny frog stings you but does no damage.
The spiny frog stings you!
You die...

## ####.#.###
#.####P##.......
##...............
#P...............
###...............
##.................
#...#.#.###........
##.###### #........ ##@#
######........
####.F###.#.####....##
#.............##....%.
..(.............P#....##
...........(....##....##
###..............#......
#.......≈♣♣...........
#....F.♣≈♣♣♣....F.....
.....≈≈≈≈ ♣♣♣#..F.P..


You could see a spiny frog and a blink frog (wandering).

Vanquished Creatures
  3 blink frogs (Lair:1)
  2 yaks (D:8)
  Eustachio (D:6)
  A deep elf fighter (D:8)
  A water moccasin (D:8)
  A necrophage (D:7)
  An ice beast (D:5)
  2 black bears
  2 sky beasts (D:7)
  An ogre (D:7)
  A centaur (D:7)
  4 crocodiles
  Sigmund (D:3)
  Duvessa (D:6)
  A scorpion (D:5)
  A goliath beetle (D:6)
  A crimson imp (D:6)
  Dowan (D:6)
  3 jellies
  A hound (D:5)
  3 orc priests (D:7)
  2 iguanas
  An orc wizard (D:7)
  Natasha (thrice) (D:3)
  6 worker ants
  Ijyb (D:3)
  10 adders
  A gnoll zombie (D:7)
  2 green rats (D:8)
  2 orc skeletons
  2 worms
  5 giant geckos
  3 oozes
  9 orcs
  27 bats
  2 giant cockroaches
  13 hobgoblins
  2 jackals (D:2)
  10 kobolds
  A quokka (D:8)
  A giant gecko skeleton (D:4)
  4 giant newts
  A giant spore (D:8)
  13 goblins
  A hobgoblin skeleton (D:5)
  2 kobold skeletons (D:6)
  A quokka skeleton (D:4)
  17 rats
  4 ballistomycetes (D:8)
179 creatures vanquished.

Vanquished Creatures (others)
  A crocodile (D:8)
  2 plants (Lair:1)
3 creatures vanquished.

Grand Total: 182 creatures vanquished

Notes
Turn   | Place    | Note
--------------------------------------------------------------
     0 | D:1      | patnam, the Naga Gladiator, began the quest for the Orb.
     0 | D:1      | Reached XP level 1. HP: 19/19 MP: 1/1
    50 | D:2      | Reached XP level 2. HP: 5/26 MP: 2/2
    63 | D:1      | HP: 1/26 [poisoned by an adder]
   516 | D:1      | Reached skill level 4 in Polearms
   605 | D:1      | Reached XP level 3. HP: 28/32 MP: 3/3
  1219 | D:2      | Reached XP level 4. HP: 34/39 MP: 4/4
  1464 | D:2      | Reached skill level 5 in Polearms
  1489 | D:2      | Found a shattered altar of Ashenzari.
  1789 | D:3      | Found an iron altar of Okawaru.
  1821 | D:3      | Became a worshipper of Warmaster Okawaru
  1882 | D:3      | Reached XP level 5. HP: 24/45 MP: 5/5
  1918 | D:3      | Noticed Ijyb
  1967 | D:3      | Killed Ijyb
  1992 | D:3      | Noticed Natasha
  1998 | D:3      | Killed Natasha
  1998 | D:3      | Reached skill level 6 in Polearms
  2175 | D:3      | Noticed Sigmund
  2179 | D:3      | Noticed Natasha
  2191 | D:3      | Killed Sigmund
  2191 | D:3      | Reached XP level 6. HP: 8/52 MP: 6/6
  2192 | D:3      | Killed Natasha
  2532 | D:3      | Noticed Natasha
  2535 | D:3      | Killed Natasha
  2850 | D:4      | Acquired Okawaru's first power
  3048 | D:4      | Reached XP level 7. HP: 50/60 MP: 7/7
  3063 | D:5      | Entered Level 5 of the Dungeon
  3081 | D:5      | Reached skill level 7 in Polearms
  3847 | D:6      | Noticed Eustachio
  3872 | D:6      | Killed Eustachio
  3997 | D:6      | Reached XP level 8. HP: 51/67 MP: 8/8
  4050 | D:6      | Found a glowing silver altar of Zin.
  4281 | D:6      | Noticed Duvessa
  4281 | D:6      | Noticed Dowan
  4289 | D:6      | Killed Dowan
  4300 | D:6      | Killed Duvessa
  4300 | D:6      | Reached skill level 8 in Polearms
  4300 | D:6      | Reached skill level 5 in Dodging
  4834 | D:7      | Got a pair of encrusted gloves
  4858 | D:7      | Identified the +1 pair of gloves of Pseaxzol {Dex+4 Int-2 SInv} (You found it on level 7 of the Dungeon)
  4866 | D:7      | Reached skill level 9 in Polearms
  5060 | D:7      | Reached XP level 9. HP: 73/73 MP: 9/9
  5500 | D:8      | Reached skill level 10 in Polearms
  5639 | D:8      | Found a staircase to the Lair.
  5656 | Lair:1   | Entered Level 1 of the Lair of Beasts
  6088 | Lair:1   | Reached XP level 10. HP: 16/80 MP: 10/10
  6107 | Lair:1   | Noticed a spiny frog
  6116 | Lair:1   | Slain by a spiny frog

Action                   |  1- 3 |  4- 6 |  7- 9 | 10-12 || total
-------------------------+-------+-------+-------+-------++-------
Melee: Trident           |   117 |   120 |   170 |       ||   407
       Scythe            |       |    88 |   203 |     3 ||   294
Throw: Tomahawk          |     1 |     6 |     5 |       ||    12
Invok: Heroism           |       |       |     3 |       ||     3
 Abil: Spit Poison       |     1 |    21 |    33 |     1 ||    56
Evoke: Wand              |       |       |     4 |     4 ||     8
  Use: Scroll            |     2 |     6 |     5 |       ||    13
       Potion            |       |     1 |     3 |       ||     4
 Stab: Sleeping          |     1 |     3 |     1 |       ||     5
       Distracted        |     1 |       |       |       ||     1
       Paralysed         |       |       |     6 |       ||     6
       Invisible         |       |       |     5 |       ||     5
  Eat: Chunk             |     1 |     4 |     2 |       ||     7
       Beef jerky        |       |     3 |     1 |       ||     4
       Meat ration       |       |       |     2 |       ||     2
